 Dungeon Crawl Stone Soup version 0.30-a0-881-g1ff12e1e11 (webtiles) character file.

Game seed: 18380215859462294005

133260 Newt the Markskobold (level 17, -10/106 HPs)
             Began as a Kobold Hunter on Mar 14, 2023.
             Was the Champion of Hepliaklqana.
             Mangled by a caustic shrike simulacrum (26 damage)
             ... in an ice cave.
             The game lasted 00:43:54 (28306 turns).

Newt the Markskobold (Kobold Hunter)               Turns: 28306, Time: 00:43:56

Health: -10/106    AC: 10    Str:  5    XL:     17   Next: 36%
Magic:  26/26      EV: 31    Int: 14    God:    Hepliaklqana [******]
Gold:   906        SH: 21    Dex: 38    Spells: 18/28 levels left

rFire   x . .      SeeInvis .    t - +2 hand crossbow (drain)
rCold   + . .      Faith    .    R - +0 kite shield
rNeg    . . .      Spirit   .    p - +0 troll leather armour
rPois   +          Reflect  +    L - +2 helmet {Int+3}
rElec   +          Rampage  .    V - scarf {repulsion}
rCorr   .                        H - +0 pair of gloves {Stlth+}
Will    +....                    U - +0 pair of boots "Pimnuki" {rPois Str-4 Dex+4}
Stlth   +++++                    u - amulet of Music {Reflect *Slow rElec rF- Dex+3 SH+5}
HPRegen 1.17/turn                E - +6 ring of dexterity
MPRegen 0.20/turn                J - +5 ring of evasion

@: repel missiles
A: reduced essence, small, no large weapons, nightstalker 3, hooves 1, cold
resistance 1, robust 1, electricity resistance
}: 1/15 runes: decaying
a: Renounce Religion, Recall Ancestor, Ancestor Identity, Transference, Idealise


You were in an ice cave.
You worshipped Hepliaklqana.
Hepliaklqana was exalted by your worship.
You visited 5 branches of the dungeon, and saw 26 of its levels.
You also visited: Ice Cave.

You collected 2058 gold pieces.
You spent 1152 gold pieces at shops.

Inventory:

Hand Weapons
 t - a +2 hand crossbow of draining (weapon)
 y - the +5 sling of the Pure Moons {freeze, rN+ Str+5}
   (You bought it in a shop on level 13 of the Dungeon)

   Str:       It affects your strength (+5).
   rN:        It protects you from negative energy.
Missiles
 r - 7 throwing nets
Armour
 p - a +0 troll leather armour (worn)
 z - +0 swamp dragon scales
 H - a +0 pair of gloves of stealth (worn)
 L - a +2 helmet of intelligence (worn)
 R - a +0 kite shield (worn)
 U - the +0 pair of boots "Pimnuki" (worn) {rPois Str-4 Dex+4}
   (You acquired it on level 1 of the Lair of Beasts)

   Str:       It affects your strength (-4).
   Dex:       It affects your dexterity (+4).
   rPois:     It protects you from poison.
 V - a scarf of repulsion (worn)
Jewellery
 u - the amulet of Music (around neck) {Reflect *Slow rElec rF- Dex+3 SH+5}
   (You acquired it on level 6 of the Dungeon)

   [amulet of reflection]

   It reflects blocked missile attacks.
   Dex:       It affects your dexterity (+3).
   rF:        It makes you vulnerable to fire.
   rElec:     It insulates you from electricity.
   *Slow:     It may slow you when you take damage.
   SH:        It affects your SH (+5).
 E - a +6 ring of dexterity (left hand)
 J - a +5 ring of evasion (right hand)
 N - a ring of willpower
 S - a ring of wizardry
Wands
 i - a wand of flame (23)
 q - a wand of quicksilver (11)
 s - a wand of mindburst (12)
 x - a wand of iceblast (30)
 I - a wand of paralysis (19)
 M - a wand of digging (5)
 P - a wand of polymorph (20)
Scrolls
 b - 5 scrolls of immolation
 g - 8 scrolls of teleportation
 j - a scroll of amnesia
 D - 2 scrolls of summoning
 G - a scroll of brand weapon
 K - 2 scrolls of fear
 O - 3 scrolls of silence
 Q - a scroll of blinking
 Y - a scroll of poison
Potions
 c - a potion of heal wounds
 d - 3 potions of might
 e - 5 potions of resistance
 f - 3 potions of berserk rage
 h - 8 potions of brilliance
 l - 8 potions of flight
 m - 3 potions of haste
 n - 6 potions of curing
 o - 4 potions of cancellation
 v - 5 potions of magic
 w - a potion of ambrosia
 B - 2 potions of mutation
 F - 2 potions of invisibility
Miscellaneous
 a - a condenser vane
 k - a tin of tremorstones (1/2)
 X - a lightning rod (4/4)


   Skills:
 - Level 12.0 Fighting
 - Level 20.0 Ranged Weapons
 - Level 6.0 Armour
 - Level 10.0 Dodging
 - Level 1.3 Stealth
 - Level 9.0 Shields
 - Level 6.0 Spellcasting
 - Level 6.0 Translocations
 - Level 6.0 Fire Magic
 - Level 9.0 Air Magic
 - Level 9.0 Invocations
 + Level 11.4 Evocations


You had 18 spell levels left.
You knew the following spells:

 Your Spells              Type           Power      Damage    Failure   Level
a - Swiftness             Air            29%        N/A       6%          3
b - Airstrike             Air            14%        2d(3-19)  21%         4
c - Kindle Blastsparks    Fire/Tloc/Air  46%        2d13      14%         3

Your spell library contained the following spells:

 Spells                   Type           Power      Damage    Failure   Level
 Apportation              Tloc           42%        N/A       7%          1
 Blink                    Tloc           42%        N/A       11%         2
 Shock                    Conj/Air       64%        1d7       13%         1
 Manifold Assault         Tloc           21%        N/A       56%         4
 Portal Projectile        Hex/Tloc       24%        N/A       58%         3
 Necrotise                Necr           16%        1d4       63%         1
 Summon Small Mammal      Summ           16%        N/A       63%         1
 Ensorcelled Hibernation  Hex/Ice        8%         N/A       77%         2
 Call Canine Familiar     Summ           4%         N/A       94%         3
 Hailstorm                Conj/Ice       4%         3d4       94%         3
 Summon Guardian Golem    Hex/Summ       4%         N/A       94%         3
 Flame Wave               Conj/Fire      12%        2d6       94%         4
 Iskenderun's Mystic Bla  Conj/Tloc      12%        2d5       94%         4
 Sticky Flame             Conj/Fire      12%        2d4       94%         4
 Animate Dead             Necr           4%         N/A       100%        4
 Fulminant Prism          Conj/Hex       2%         3d5       100%        4
 Ice Form                 Ice/Tmut       4%         N/A       100%        4
 Leda's Liquefaction      Hex/Erth       2%         N/A       100%        4
 Olgreb's Toxic Radiance  Pois           4%         N/A       100%        4
 Lee's Rapid Deconstruct  Erth           2%         3d4*      100%        5
 Yara's Violent Unravell  Hex/Tmut       2%         3d3       100%        5
 Simulacrum               Ice/Necr       2%         N/A       100%        6
 Enfeeble                 Hex            2%         N/A       100%        7
 Haunt                    Necr/Summ      2%         N/A       100%        7
 Orb of Destruction       Conj           2%         9d5       100%        7
 Ozocubu's Refrigeration  Ice            2%         4d7       100%        7
 Spellforged Servitor     Conj/Summ      2%         N/A       100%        7
 Storm Form               Tmut/Air       8%         N/A       100%        7
 Summon Hydra             Summ           2%         N/A       100%        7
 Ignition                 Fire           10%        3d5       100%        8
 Infestation              Necr           2%         N/A       100%        8


Dungeon Overview and Level Annotations

Branches:
Dungeon (14/15)            Temple (1/1) D:5            Lair (5/5) D:9
  Swamp (4/4) Lair:3       Spider (0/4) Lair:3        Slime (0/5) Lair:5
    Orc (2/2) D:10            Elf (0/3) Orc:2        Vaults (0/5) D:13
  IceCv (1/1)

Altars:
Dithmenos
Elyvilon
Hepliaklqana
Kikubaaqudgha
Makhleb
Nemelex Xobeh
Okawaru
Sif Muna
Trog
Uskayaw
Yredelemnul
Zin
The Shining One
Jiyva
Lugonu

Shops:
D:5 !   D:13 *   Orc:2 !([[

Portals:
Abyss: Lair:5


Innate Abilities, Weirdness & Mutations

Your life essence is reduced to manifest your ancestor. (-10% HP)
You are small and have problems with some larger weapons.
You are completely attuned to the shadows.
You have large cloven feet.
Your flesh is cold resistant. (rC+)
You are robust. (+10% HP)
You are resistant to electric shocks. (rElec)


Message History

An alligator simulacrum comes into view.
Fire: t) +2 hand crossbow (drain)
Press: ? - help, Shift-Dir - straight line, f - caustic shrike simulacrum
Aim: a caustic shrike simulacrum (freezing vapour, 75% to hit)
You shoot a bolt.
The bolt closely misses the caustic shrike simulacrum.
The bolt hits the dire elephant simulacrum!!!
The dire elephant simulacrum is almost destroyed.
You block the caustic shrike simulacrum's attack.
The caustic shrike simulacrum completely misses you.
Fire: t) +2 hand crossbow (drain)
Press: ? - help, Shift-Dir - straight line, f/p - caustic shrike simulacrum
Aim: a caustic shrike simulacrum (freezing vapour, 75% to hit)
You shoot a bolt.
The bolt hits the caustic shrike simulacrum!
The caustic shrike simulacrum is moderately damaged.
You block the caustic shrike simulacrum's attack.
Belshunu hits the caustic shrike simulacrum with a +0 broad axe of flaming!
Belshunu melts the caustic shrike simulacrum!
The caustic shrike simulacrum claws you!
The caustic shrike simulacrum freezes you!!
You resist.
* * * LOW HITPOINT WARNING * * *
You block the caustic shrike simulacrum's attack.
The dire elephant simulacrum closely misses Belshunu.
The dire elephant simulacrum trunk-slaps Belshunu but does no damage.
Unknown command.
You shoot a bolt.
The bolt hits the caustic shrike simulacrum!!
The caustic shrike simulacrum is almost destroyed.
You block the caustic shrike simulacrum's attack.
Belshunu hits the dire elephant simulacrum but does no damage.
Belshunu barely misses the caustic shrike simulacrum.
Belshunu hits the alligator simulacrum with a +0 broad axe of flaming.
Belshunu melts the alligator simulacrum.
The caustic shrike simulacrum claws you!
* * * LOW HITPOINT WARNING * * *
The caustic shrike simulacrum freezes you!!
You resist.
You die...

#########
#.......#
#...∩...#
#.......#
#.......#
#...∩...#
##..@..##
##.Z.##
##R##


ZZ. ..... ....... You could see the friendly Belshunu the knight, an alligator
simulacrum, a dire elephant simulacrum (ally target) and a caustic shrike
simulacrum.

Vanquished Creatures
  Saint Roka (Orc:2)
  Mlioglotl (Swamp:3)
  Frances (Swamp:1)
  2 orc warlords (Orc:2)
  3 bunyips
  4 eleionomae
  A shambling mangrove (Swamp:4)
  10 hydras
  5 vault guards (D:13)
  A centaur warrior (D:13)
  A spriggan air mage (Swamp:3)
  4 two-headed ogres
  A boulder beetle (D:8)
  6 alligators
  A death yak (Lair:1)
  2 thrashing horrors (Lair:5)
  Urug (Lair:2)
  A skyshark (Lair:4)
  3 skeletal warriors (D:13)
  4 goliath frogs
  5 swamp dragons
  A spriggan druid (Swamp:3)
  A bog body (Swamp:2)
  A wizard (D:10)
  3 lindwurms (Swamp:4)
  An orc knight (D:13)
  Pikel (D:4)
  6 orc sorcerers (Orc:2)
  A deep elf pyromancer (D:8)
  4 cyclopes
  3 ugly things
  3 will-o-the-wisps
  2 manticores
  2 black mambas
  4 elephants (Lair:4)
  An ice statue (D:14)
  A demonic crawler (Lair:3)
  A smoke demon (Lair:5)
  A torpor snail (Lair:2)
  4 cane toads
  Maggie (D:7)
  An unseen horror (D:12)
  An efreet (D:13)
  A rime drake (Lair:1)
  4 komodo dragons
  A freezing wraith (IceCv)
  An anaconda simulacrum (IceCv)
  A komodo dragon (shapeshifter) (Lair:5)
  An ancient zyme (Lair:5)
  4 trolls
  8 hornets
  A polar bear (Lair:5)
  10 tyrant leeches
  3 dream sheep (Lair:5)
  16 blink frogs (Lair:5)
  A centaur simulacrum (D:14)
  A jumping spider (shapeshifter) (Lair:5)
  10 spriggans
  4 slime creatures
  A culicivora (shapeshifter) (Lair:5)
  24 yaks
  A dire elephant simulacrum (IceCv)
  3 wraiths
  A wyvern (Lair:1)
  2 ynoxinuls (Lair:5)
  9 small abominations (Lair:5)
  Eustachio (D:5)
  A chaos spawn (Lair:5)
  6 basilisks
  5 wargs
  9 vampire mosquitoes
  3 acid dragons
  Edmund (D:3)
  A harpy simulacrum (IceCv)
  A large abomination (Lair:5)
  Duvessa (D:6)
  21 swamp worms
  A hydra simulacrum (IceCv)
  16 orc warriors
  10 water moccasins
  2 ice beasts
  A sky beast (D:8)
  5 swamp drakes (Swamp:4)
  2 black bears
  11 wolves
  2 ogres
  5 centaurs
  2 lemures (D:4)
  2 kobold brigands
  8 bullfrogs
  4 gnoll sergeants
  6 scorpions
  8 wights
  Dowan (D:6)
  4 killer bees (D:9)
  5 electric eels
  5 howler monkeys
  Crazy Yiuf (D:3)
  4 hounds
  2 jellies
  5 orc priests
  A sleepcap (D:6)
  Natasha (thrice) (D:4)
  7 iguanas
  27 orc wizards
  5 hell rats
  Robin (D:3)
  5 adders
  14 gnolls
  A shadow imp (D:6)
  2 white imps
  A worm (D:3)
  4 dart slugs
  74 orcs
  8 bats
  9 endoplasms
  A giant cockroach (D:3)
  16 goblins
  8 hobgoblins
  6 jackals (D:5)
  18 kobolds
  4 quokkas
  11 ball pythons
  5 frilled lizards
  7 rats
610 creatures vanquished.

Vanquished Creatures (collateral kills)
  A tentacled monstrosity (Swamp:2)
  A thorn hunter (Swamp:3)
  A fenstrider witch (Swamp:3)
  A bunyip (Swamp:1)
  A shambling mangrove (Swamp:4)
  3 vault guards (D:13)
  7 hydras
  A ghost crab (Swamp:1)
  Harold (D:11)
  A two-headed ogre (D:12)
  A caustic shrike simulacrum (IceCv)
  2 boulder beetles
  2 alligators (Swamp:1)
  A death yak (Lair:2)
  A thrashing horror (Lair:5)
  A large abomination (Lair:5)
  2 swamp dragons (Swamp:4)
  A spriggan druid (Swamp:3)
  2 bog bodies
  A deep elf pyromancer (D:10)
  A deep elf zephyrmancer (D:10)
  An orc sorcerer (Orc:2)
  A will-o-the-wisp (Swamp:3)
  2 cyclopes
  An elephant (Lair:4)
  An ice statue (D:14)
  A smoke demon (Lair:5)
  A black mamba (Lair:5)
  2 cane toads
  A komodo dragon (Lair:5)
  A golden dragon simulacrum (IceCv)
  An anaconda simulacrum (IceCv)
  A troll (D:13)
  2 polar bears
  3 hornets
  A tyrant leech (Swamp:4)
  A dream sheep (Lair:5)
  2 slime creatures
  3 spriggans
  A wyvern (Lair:5)
  2 basilisks
  3 yaks
  3 wargs
  A steam dragon (D:9)
  4 vampire mosquitoes
  3 swamp worms
  A harpy simulacrum (IceCv)
  2 water moccasins
  7 orc warriors
  2 swamp drakes (Swamp:4)
  3 ogres (Orc:2)
  4 wolves
  2 centaurs (D:11)
  4 bullfrogs
  A scorpion (Lair:3)
  3 wights (D:8)
  A small abomination (Lair:5)
  A killer bee (D:9)
  An electric eel (Lair:3)
  A sleepcap (D:8)
  9 orc wizards
  2 hell rats
  2 gnolls
  A worm (Lair:3)
  17 orcs
  A giant cockroach (Lair:3)
  2 kobolds (D:8)
143 creatures vanquished.

Vanquished Creatures (others)
  A wizard (D:10)
  A will-o-the-wisp (Swamp:2)
  2 bloated husks
  A hornet (Swamp:1)
  15 knights
  An ancestor (D:7)
  7 foxfires
  22 fungi
  25 plants
  4 starspawn tentacles (Swamp:3)
79 creatures vanquished.

Grand Total: 832 creatures vanquished

Notes
Turn   | Place    | Note
-------+----------+-------------------------------------------
     0 | D:1      | Newt the Kobold Hunter began the quest for the Orb.
     0 | D:1      | Reached XP level 1. HP: 12/12 MP: 1/1
    53 | D:1      | Reached XP level 2. HP: 8/18 MP: 2/2
   482 | D:1      | Reached XP level 3. HP: 23/23 MP: 3/3
   924 | D:2      | Reached XP level 4. HP: 27/30 MP: 4/4
  1629 | D:3      | Reached skill level 5 in Fighting
  1684 | D:3      | Found an iron altar of Okawaru.
  1902 | D:3      | Reached XP level 5. HP: 35/35 MP: 5/5
  1962 | D:3      | Found a faded altar of an unknown god.
  2313 | D:3      | Found a runed translucent door.
  2316 | D:3      | Noticed Crazy Yiuf
  2322 | D:3      | Killed Crazy Yiuf
  2323 | D:3      | Reached skill level 6 in Ranged Weapons
  2442 | D:4      | Noticed Robin
  2760 | D:3      | Killed Robin
  2761 | D:3      | Reached skill level 7 in Ranged Weapons
  2761 | D:3      | Reached XP level 6. HP: 21/40 MP: 6/6
  2992 | D:4      | Noticed Edmund
  3130 | D:4      | Noticed Natasha
  3187 | D:3      | Killed Edmund
  3188 | D:3      | Reached skill level 8 in Ranged Weapons
  4139 | D:4      | Killed Natasha
  4215 | D:4      | Noticed Natasha
  4218 | D:4      | Killed Natasha
  4218 | D:4      | Noticed Pikel
  4219 | D:4      | Reached XP level 7. HP: 44/44 MP: 7/7
  4243 | D:4      | Killed Pikel
  4244 | D:4      | Reached skill level 10 in Ranged Weapons
  4244 | D:4      | Reached skill level 5 in Dodging
  4244 | D:4      | Reached XP level 8. HP: 22/49 MP: 8/8
  4494 | D:4      | Noticed Natasha
  4499 | D:4      | Killed Natasha
  4505 | D:5      | Entered Level 5 of the Dungeon
  4723 | D:5      | Reached skill level 11 in Ranged Weapons
  4962 | D:5      | Found Merueseh's Distillery.
  5071 | D:5      | Noticed Eustachio
  5085 | D:5      | Killed Eustachio
  5086 | D:5      | Reached skill level 12 in Ranged Weapons
  5086 | D:5      | Reached XP level 9. HP: 43/54 MP: 9/9
  5340 | D:5      | Found a staircase to the Ecumenical Temple.
  5417 | Temple   | Entered the Ecumenical Temple
  5460 | Temple   | Became a worshipper of Hepliaklqana the Forgotten
  5772 | D:6      | Identified a scroll of acquirement
  5772 | D:6      | Acquired the amulet of Music {Reflect *Slow rElec rF- Dex+3
                  | SH+5}
  5790 | D:6      | Reached skill level 13 in Ranged Weapons
  5976 | D:6      | Noticed Dowan
  6001 | D:6      | Noticed Duvessa
  6009 | D:6      | Killed Dowan
  6012 | D:6      | HP: 2/54 [Duvessa/+0 short sword (7)]
  6015 | D:6      | Killed Duvessa
  6016 | D:6      | Reached skill level 14 in Ranged Weapons
  6016 | D:6      | Reached skill level 1 in Evocations
  7018 | D:7      | Found a shadowy altar of Dithmenos.
  7066 | D:7      | Reached * piety under Hepliaklqana
  7352 | D:7      | Noticed a two-headed ogre
  7360 | D:7      | Killed a two-headed ogre
  7361 | D:7      | Reached XP level 10. HP: 54/54 MP: 10/10
  7454 | D:7      | Noticed Maggie
  7463 | D:7      | Killed Maggie
  7610 | D:7      | Found a glowing golden altar of the Shining One.
  8027 | D:8      | Found an ancient bone altar of Kikubaaqudgha.
  8028 | D:8      | Found a hide-covered altar of Uskayaw.
  8240 | D:8      | Found a shimmering blue altar of Sif Muna.
  8312 | D:8      | Reached ** piety under Hepliaklqana
  8313 | D:8      | Remembered your ancestor Belshunu as a knight
  8327 | D:8      | Noticed a deep elf pyromancer
  8331 | D:8      | Killed a deep elf pyromancer
  8332 | D:8      | Reached skill level 15 in Ranged Weapons
  8382 | D:8      | Noticed a cyclops
  8387 | D:8      | Noticed a cyclops
  8388 | D:8      | Killed a cyclops
  8389 | D:8      | Reached skill level 16 in Ranged Weapons
  8392 | D:8      | Killed a cyclops
  8393 | D:8      | Reached skill level 1 in Spellcasting
  8393 | D:8      | Reached skill level 1 in Air Magic
  8393 | D:8      | Reached XP level 11. HP: 24/61 MP: 13/13
  8519 | D:8      | Learned a level 3 spell: Swiftness
  8582 | D:8      | Noticed a two-headed ogre
  8585 | D:8      | Noticed a white ugly thing
  8596 | D:8      | Killed a two-headed ogre
  8645 | D:8      | Killed a white ugly thing
  8879 | D:8      | Noticed a boulder beetle
  8879 | D:8      | Noticed a green ugly thing
  8892 | D:8      | Killed a green ugly thing
  8913 | D:8      | Killed a boulder beetle
  9072 | D:8      | Reached skill level 5 in Spellcasting
  9072 | D:8      | Reached skill level 5 in Air Magic
  9628 | D:9      | Found a staircase to the Lair.
 10436 | D:10     | Entered Level 10 of the Dungeon
 10724 | D:10     | Got the Directory of Dhcmrlchtdj
 10742 | D:10     | Noticed a deep elf pyromancer
 10743 | D:10     | Noticed a wizard
 10752 | D:10     | Noticed a deep elf zephyrmancer
 10759 | D:10     | Killed a deep elf zephyrmancer
 10760 | D:10     | Killed a wizard
 10762 | D:10     | Killed a deep elf pyromancer
 10793 | D:10     | Killed a wizard
 10794 | D:10     | Reached XP level 12. HP: 42/65 MP: 21/21
 10889 | D:10     | Got the Atlas of Axaxaxas mlö
 10901 | D:10     | Got Ts'ui Pên's Spellbook of Forking Paths
 11075 | D:10     | Found a staircase to the Orcish Mines.
 11114 | D:10     | Reached *** piety under Hepliaklqana
 11711 | D:11     | Noticed a boulder beetle
 11726 | D:11     | Killed a boulder beetle
 11763 | D:11     | Noticed a two-headed ogre
 11770 | D:11     | Killed a two-headed ogre
 11838 | D:11     | Reached skill level 5 in Invocations
 12023 | D:11     | Noticed Harold
 12034 | D:11     | Killed Harold
 13070 | D:12     | Reached **** piety under Hepliaklqana
 13185 | D:12     | Noticed a two-headed ogre
 13194 | D:12     | Killed a two-headed ogre
 13279 | D:12     | Noticed a two-headed ogre
 13284 | D:12     | Killed a two-headed ogre
 13285 | D:12     | Reached skill level 1 in Armour
 13285 | D:12     | Reached XP level 13. HP: 70/70 MP: 22/22
 14119 | Lair:1   | Entered Level 1 of the Lair of Beasts
 14121 | Lair:1   | Acquired the +0 pair of boots "Pimnuki" {rPois Str-4 Dex+4}
 14536 | Lair:1   | Reached ***** piety under Hepliaklqana
 14792 | Lair:1   | Reached skill level 5 in Armour
 15453 | Lair:2   | Learned a level 4 spell: Airstrike
 16112 | Lair:2   | Noticed Urug
 16120 | Lair:2   | Killed Urug
 17024 | Lair:3   | Found a staircase to the Swamp.
 17156 | Lair:3   | Found a hole to the Spider Nest.
 17483 | Lair:3   | Gained mutation: You are dopey. (Int -2) [potion of
                  | mutation]
 17483 | Lair:3   | Gained mutation: You have a pair of small horns on your
                  | head. [potion of mutation]
 17484 | Lair:3   | Lost mutation: You are dopey. (Int -2) [potion of mutation]
 17484 | Lair:3   | Lost mutation: You have a pair of small horns on your head.
                  | [potion of mutation]
 17484 | Lair:3   | Gained mutation: You have hidden genetic potential. [potion
                  | of mutation]
 17484 | Lair:3   | Gained mutation: You are robust. (+10% HP) [potion of
                  | mutation]
 17484 | Lair:3   | Gained mutation: You have large cloven feet. [potion of
                  | mutation]
 17579 | Lair:3   | Reached skill level 10 in Evocations
 18175 | Lair:4   | Reached XP level 14. HP: 62/84 MP: 23/23
 18182 | Lair:4   | Reached skill level 17 in Ranged Weapons
 18551 | Lair:4   | You fall into a shaft and drop 1 floor!
 18551 | Lair:5   | Entered Level 5 of the Lair of Beasts
 18847 | Lair:5   | Reached skill level 18 in Ranged Weapons
 19036 | Lair:5   | Found a corrupted altar of Lugonu.
 19039 | Lair:5   | Found a one-way gate to the infinite horrors of the Abyss.
 19141 | Lair:5   | Reached skill level 19 in Ranged Weapons
 19256 | Lair:5   | Learned a level 3 spell: Kindle Blastsparks
 19844 | Lair:5   | Reached skill level 20 in Ranged Weapons
 19990 | Lair:5   | Reached skill level 1 in Translocations
 19990 | Lair:5   | Reached skill level 1 in Fire Magic
 20603 | Lair:5   | Found a viscous altar of Jiyva.
 20603 | Lair:5   | Found a staircase to the Slime Pits.
 20922 | Orc:1    | Entered Level 1 of the Orcish Mines
 21281 | Orc:2    | Entered Level 2 of the Orcish Mines
 21294 | Orc:2    | Reached ****** piety under Hepliaklqana
 21465 | Orc:2    | Reached XP level 15. HP: 79/88 MP: 22/24
 21672 | Orc:2    | Noticed Saint Roka
 21687 | Orc:2    | Killed Saint Roka
 21688 | Orc:2    | Reached skill level 5 in Translocations
 21688 | Orc:2    | Reached skill level 5 in Fire Magic
 21772 | Orc:2    | Found a staircase to the Elven Halls.
 22046 | Orc:2    | Found Juwyi's Firing Range.
 22051 | Orc:2    | Bought a +0 hand crossbow for 42 gold pieces
 22078 | Orc:2    | Noticed an orc warlord
 22118 | Orc:2    | Killed an orc warlord
 22210 | Orc:2    | Found Foliub's Antique Armour Emporium.
 22216 | Orc:2    | Bought a glowing hat for 189 gold pieces
 22230 | Orc:2    | Found Suad's Antique Armour Shop.
 22235 | Orc:2    | Bought a pair of runed gloves for 255 gold pieces
 22235 | Orc:2    | Bought a pair of glowing gloves for 255 gold pieces
 22240 | Orc:2    | Bought a glowing helmet for 255 gold pieces
 22264 | Orc:2    | Noticed an orc warlord
 22299 | Orc:2    | Killed an orc warlord
 22762 | Orc:2    | Found Subokke's Distillery.
 22951 | Swamp:1  | Entered Level 1 of the Swamp
 22970 | Swamp:1  | HP: 3/88 [poisoned by a spriggan rider]
 23426 | Swamp:1  | Gained mutation: You are resistant to electric shocks.
                  | (rElec) [hidden potential]
 23446 | Swamp:1  | Noticed Frances
 23453 | Swamp:1  | Killed Frances
 23744 | Swamp:1  | Reached skill level 10 in Dodging
 23749 | Swamp:1  | Reached skill level 1 in Shields
 24659 | Swamp:2  | Noticed a tentacled monstrosity
 24680 | Swamp:2  | Killed a tentacled monstrosity
 24787 | Swamp:2  | Reached XP level 16. HP: 93/93 MP: 25/25
 24815 | Swamp:2  | Reached skill level 5 in Shields
 25654 | Swamp:3  | Noticed a thorn hunter
 25657 | Swamp:3  | Killed a thorn hunter
 25841 | Swamp:3  | Noticed Mlioglotl
 25845 | Swamp:3  | Noticed a fenstrider witch
 25846 | Swamp:3  | Noticed an Executioner
 25851 | Swamp:3  | Noticed a tentacled starspawn
 25852 | Swamp:3  | Noticed a tentacled starspawn
 25854 | Swamp:3  | Killed Mlioglotl
 25855 | Swamp:3  | Killed a fenstrider witch
 26249 | Swamp:4  | Entered Level 4 of the Swamp
 26506 | Swamp:4  | Reached skill level 10 in Fighting
 26762 | Swamp:4  | Got a decaying rune of Zot
 26872 | Swamp:4  | Reached XP level 17. HP: 104/104 MP: 26/26
 27853 | D:13     | Found a gate to the Vaults.
 28219 | D:13     | Found Mitaeduo's Assorted Antiques.
 28227 | D:13     | Bought an ivory sling for 156 gold pieces
 28227 | D:13     | Identified the +5 sling of the Pure Moons {freeze, rN+
                  | Str+5} (You bought it in a shop on level 13 of the Dungeon)
 28270 | D:14     | Found a frozen archway.
 28280 | IceCv    | Entered an ice cave
 28280 | IceCv    | Gained mutation: Your flesh is cold resistant. (rC+)
                  | [hidden potential]
 28280 | IceCv    | Lost mutation: You have hidden genetic potential. [hidden
                  | potential expressed]
 28306 | IceCv    | Mangled by a caustic shrike simulacrum

Illustrated notes

Levels and vault maps discovered:
D:1:      saegor_arrival_miasma, layout_loops_ring
D:2:      layout_rooms, roderic_lattice_a, minmay_misc_feat_iff,
          minmay_increasing_density
D:3:      layout_loops_ring, mainiacjoe_overflow_concentric_impassable,
          shapermc_ecumenical_altar_pompeii, kennysheep_generic_room_3,
          uniq_crazy_yiuf_cottage
D:4:      layout_rooms, nicolae_figureground_pulse, uniq_edmund, uniq_robin,
          uniq_pikel, uniq_sigmund, uniq_natasha
D:5:      layout_loops_cross, minmay_temple_entry_glassed_door, serial_shops,
          nicolae_shop_crystal, hangedman_minor_gate_pass, uniq_eustachio
D:6:      layout_loops_cross, feat_on_display, uniq_duvessa
D:7:      layout_cave_pools, mainiacjoe_overflow_chevrons,
          mainiacjoe_overflow_alcove_2, uniq_maggie
D:8:      layout_basic, nicolae_sif_muna_condensation, nicolae_overflow_squiral,
          minmay_shattered_shrine
D:9:      layout_basic, lair_entry_dummy
D:10:     layout_cave_pods, minmay_orc_entry_guard_dogs,
          bh_hangedman_babel_library
D:11:     layout_irregular_city, uniq_harold
D:12:     layout_layer_cave
D:13:     layout_rooms, erik_vaults_2, serial_shops, nicolae_square_shop
D:14:     layout_cave_pools, portal_ice_cave_entry_ice_statue_two, serial_shops,
          nicolae_square_shop, uniq_josephine
Temple:   nicolae_temple_elliptical
Lair:1:   layout_cellular_growth, serial_bayou_shore_b, grunt_megastairs_3
Lair:2:   layout_cave_pods, serial_bayou_shore_b, uniq_urug
Lair:3:   layout_gridlike, skrybe_swamp_entry_bodies,
          nicolae_spider_entry_non_spiders, serial_bayou_shore_a
Lair:4:   layout_roguey, lemuel_oklob_altar
Lair:5:   hellmonk_lair_end_abyssal_woods, layout_gridlike,
          dpeg_slime_entry_enclosed
Swamp:1:  layout_basic_swamp, nicolae_swamp_bean_lake,
          infiniplex_staircase_pool, uniq_frances
Swamp:2:  cheibrodos_swamp_monstrosity, layout_falls_marsh,
          nicolae_swamp_tree_isthmus, swamp_pool2,
          nicolae_swamp_feature_on_the_river_bank
Swamp:3:  layout_basic_swamp, evilmike_swamp_ruin_rubble_2, uniq_mlioglotl
Swamp:4:  swamp_alternative, layout_basic_swamp, swamp_pool5
Orc:1:    layout_caves, gammafunk_ghost_necromancy
Orc:2:    st_orc_town, layout_diamond_mine, basic_altar,
          nicolae_shop_firing_range, uniq_saint_roka
IceCv:    ice_cave_statue_garden_chambered

Skill      XL: |  1  2  3  4  5  6  7  8  9 10 11 12 13 14 15 16 17 |
---------------+----------------------------------------------------+-----
Fighting       | 3 4 5 6 8 10 12 | 12.0
Ranged Weapons | 7 8 10 12 14 16 20 | 20.0
Dodging        | 5 6 10 | 10.0
Evocations     | 6 10 11 | 11.4
Spellcasting   | 1 6 |  6.0
Air Magic      | 1 7 9 |  9.0
Invocations    | 9 |  9.0
Armour         | 1 6 |  6.0
Translocations | 4 6 |  6.0
Fire Magic     | 3 6 |  6.0
Shields        | 4 9 |  9.0
Stealth        | |  1.3

Action                     |  1- 3 |  4- 6 |  7- 9 | 10-12 | 13-15 | 16-18 || total
---------------------------+-------+-------+-------+-------+-------+-------++-------
   Fire: Shortbow          |    91 |   178 |   207 |   494 |   880 |       ||  1850
         Hand crossbow     |       |       |       |       |   134 |   353 ||   487
   Cast: Swiftness         |       |       |       |     1 |       |       ||     1
         Airstrike         |       |       |       |       |     9 |       ||     9
         Kindle Blastspark |       |       |       |       |    14 |       ||    14
 Invoke: Ancestor Life: Kn |       |       |       |     1 |       |       ||     1
         Recall Ancestor   |       |       |       |     1 |     2 |       ||     3
         Idealise          |       |       |       |       |     2 |     2 ||     4
         Transference      |       |       |       |       |     1 |     2 ||     3
  Evoke: Wand              |       |       |     5 |     7 |    15 |     2 ||    29
         Lightning rod     |       |       |       |       |     7 |     2 ||     9
         Tin of tremorston |       |       |       |       |     2 |     1 ||     3
    Use: Scroll            |     6 |     4 |     5 |     4 |    11 |     3 ||    33
         Potion            |       |     3 |     4 |     3 |     8 |     1 ||    19
 Armour: Leather armour    |     8 |    29 |    16 |       |       |       ||    53
         Swamp dragon scal |       |       |       |    46 |    86 |       ||   132
         Troll leather arm |       |       |       |       |    16 |     9 ||    25
  Dodge: Dodged            |    39 |    88 |    74 |   147 |   461 |   114 ||   923
         Repelled          |       |       |       |       |     5 |     5 ||    10
  Block: Other             |       |       |     5 |    44 |    75 |       ||   124
         Reflection        |       |       |       |     9 |     5 |    11 ||    25
         Kite shield       |       |       |       |       |    71 |   155 ||   226

Table legend: (Time is in decaauts)
 A = Elapsed time spent in this place.
 B = Non-inter-level travel time spent in this place.
 C = Inter-level travel time spent in this place.
 D = Time resting spent in this place.
 E = Time spent auto-exploring this place.
 F = Levels seen in this place.
 G = Mean time per level.
                   A        B        C        D        E       F      G
               +--------+--------+--------+--------+--------+-----+--------+
         Total |  28726 |  27293 |   1433 |   5763 |  17551 |  27 | 1063.9 |
       Dungeon |  15381 |  14752 |    629 |   3146 |   9679 |  14 | 1098.6 |
        Temple |     65 |     35 |     30 |      0 |     29 |   1 |   65.0 |
          Lair |   6893 |   6391 |    502 |   1186 |   4374 |   5 | 1378.6 |
         Swamp |   4494 |   4296 |    198 |   1180 |   2349 |   4 | 1123.5 |
  Orcish Mines |   1860 |   1788 |     72 |    250 |   1115 |   2 |  930.0 |
      Ice Cave |     30 |     30 |      0 |      0 |      4 |   1 |   30.0 |
               +--------+--------+--------+--------+--------+-----+--------+

Top non-repeatable levels by time:
  Lair:5: 2313 daAuts
     D:3: 1943 daAuts
    D:12: 1553 daAuts
  Lair:2: 1536 daAuts
     D:9: 1533 daAuts
   Orc:2: 1502 daAuts
 Swamp:1: 1428 daAuts
     D:8: 1333 daAuts
  Lair:3: 1284 daAuts
     D:5: 1197 daAuts
     D:6: 1167 daAuts
 Swamp:2: 1154 daAuts
    D:10: 1131 daAuts
  Lair:1: 1127 daAuts
     D:4: 1073 daAuts
